3AAA
PURE MICHIGAN GREAT LAKERS @ PENNSAUKEN FLYERS
08/07/2030
 
TOP OF THE 1ST
Pure Michigan Great Lakers batting - Pitching for Pennsauken Flyers : RHP Luis Torrez
Pitching: RHP Luis Torrez
Batting: SHB Jesús Román 0-0: Ball
1-0: Fly out, F9 (Flyball, 9)
Batting: RHB Kenneth Noid 0-0: Ball
1-0: Foul Ball, location: 2F
1-1: Swinging Strike
1-2: Ball
2-2: Strikes out swinging
Batting: LHB Lance Antle 0-0: Swinging Strike
0-1: Ball
1-1: Foul Ball, location: 2F
1-2: SINGLE (Line Drive, 34D)
Batting: LHB Bartolo Benítez 0-0: Ball
1-0: Foul Ball, location: 2F
1-1: Called Strike
1-2: Ball
2-2: Foul Ball, location: 2F
2-2: Strikes out looking
Top of the 1st over - 0 runs, 1 hit, 0 errors, 1 left on base; Pure Michigan 0 - Pennsauken 0
BOTTOM OF THE 1ST
Pennsauken Flyers batting - Pitching for Pure Michigan Great Lakers : RHP Doran Turchin
Pitching: RHP Doran Turchin
Batting: RHB Alan Bryan 0-0: Ball
1-0: Called Strike
1-1: Ball
2-1: Ball
3-1: Foul Ball, location: 2F
3-2: Strikes out looking
Batting: RHB Patrick Eggen 0-0: Called Strike
0-1: Ball
1-1: Ground out U3 (Groundball, 34)
Batting: LHB Ignacio Martínez 0-0: Ball
1-0: Ball
2-0: Called Strike
2-1: Swinging Strike
2-2: Ball
3-2: Base on Balls
Batting: LHB Vinski Prifti 0-0: Ball
1-0: Called Strike
1-1: Foul Ball, location: 2F
1-2: Ball
2-2: Ball
3-2: Fly out, F9 (Flyball, 9D)
Bottom of the 1st over - 0 runs, 0 hits, 0 errors, 1 left on base; Pure Michigan 0 - Pennsauken 0
TOP OF THE 2ND
Pure Michigan Great Lakers batting - Pitching for Pennsauken Flyers : RHP Luis Torrez
Batting: LHB Josh Platt 0-0: Hit by Pitch
Batting: RHB Zong-yuan Fung 0-0: Grounds into double play, 4-6-3 (Groundball, 4M)
Batting: RHB Martín Alejadre 0-0: Swinging Strike
0-1: Foul Ball, location: 2F
0-2: Strikes out looking
Top of the 2nd over - 0 runs, 0 hits, 0 errors, 0 left on base; Pure Michigan 0 - Pennsauken 0
BOTTOM OF THE 2ND
Pennsauken Flyers batting - Pitching for Pure Michigan Great Lakers : RHP Doran Turchin
Batting: RHB Clarence Therrien 0-0: Called Strike
0-1: Ground out 5-3 (Groundball, 56)
Batting: RHB Bartolo Rosas 0-0: Called Strike
0-1: Swinging Strike
0-2: Foul Ball, location: 2F
0-2: Strikes out swinging
Batting: RHB Raúl Javier Jr. 0-0: Ball
1-0: Swinging Strike
1-1: Ball
2-1: Swinging Strike
2-2: Foul Ball, location: 2F
2-2: Foul Ball, location: 2F
2-2: Ball
3-2: Strikes out swinging
Bottom of the 2nd over - 0 runs, 0 hits, 0 errors, 0 left on base; Pure Michigan 0 - Pennsauken 0
TOP OF THE 3RD
Pure Michigan Great Lakers batting - Pitching for Pennsauken Flyers : RHP Luis Torrez
Batting: SHB David Martínez 0-0: DOUBLE (Line Drive, 78M)
Batting: RHB Ramiro Gonzáles 0-0: Ball
1-0: Called Strike
1-1: Ground out 1-3 (Groundball, 15S)
Batting: SHB Jesús Román 0-0: SINGLE (Line Drive, 9S)
David Martínez to third
Batting: RHB Kenneth Noid 0-0: Called Strike
0-1: Foul Ball, location: 2F
0-2: Foul Ball, location: 2F
0-2: Ball
1-2: Strikes out looking
Batting: LHB Lance Antle 0-0: Called Strike
0-1: Called Strike
0-2: SINGLE (Line Drive, 8LS)
David Martínez scores
Jesús Román to second
Batting: LHB Bartolo Benítez 0-0: Called Strike
0-1: Called Strike
0-2: Fly out, F8 (Flyball, 8LM)
Top of the 3rd over - 1 run, 3 hits, 0 errors, 2 left on base; Pure Michigan 1 - Pennsauken 0
BOTTOM OF THE 3RD
Pennsauken Flyers batting - Pitching for Pure Michigan Great Lakers : RHP Doran Turchin
Batting: LHB Manuel Márquez 0-0: Fly out, F7 (Flyball, 78M)
Batting: RHB Marc Beck 0-0: Ball
1-0: Ball
2-0: Ball
3-0: Base on Balls
Batting: RHB Alan Bryan 0-0: Ball
1-0: Foul Ball, location: 2F
1-1: Ball
2-1: Ball
3-1: Ground out 5-3 (Groundball, 56S)
Marc Beck to second
Batting: RHB Patrick Eggen 0-0: Called Strike
0-1: Ground out 5-3 (Groundball, 56)
Bottom of the 3rd over - 0 runs, 0 hits, 0 errors, 1 left on base; Pure Michigan 1 - Pennsauken 0
TOP OF THE 4TH
Pure Michigan Great Lakers batting - Pitching for Pennsauken Flyers : RHP Luis Torrez
Batting: LHB Josh Platt 0-0: Called Strike
0-1: Called Strike
0-2: Ball
1-2: SINGLE (Line Drive, 78S)
Batting: RHB Zong-yuan Fung 0-0: Ball
1-0: Ball
2-0: Ball
3-0: Called Strike
3-1: Base on Balls
Josh Platt to second
Batting: RHB Martín Alejadre 0-0: Grounds into double play, 3-6-3 (Groundball, 34)
Josh Platt to third
Batting: SHB David Martínez 0-0: Swinging Strike
0-1: Ball
1-1: Called Strike
1-2: SINGLE (Groundball, 4MD)
Josh Platt scores
Batting: RHB Ramiro Gonzáles 0-0: Ball
1-0: Called Strike
David Martínez steals 2nd base
1-1: Foul Ball, location: 2F
1-2: Ball
2-2: Ball
3-2: Base on Balls
Batting: SHB Jesús Román 0-0: Called Strike
0-1: Ball
David Martínez is caught stealing 3rd base
Top of the 4th over - 1 run, 2 hits, 0 errors, 1 left on base; Pure Michigan 2 - Pennsauken 0
BOTTOM OF THE 4TH
Pennsauken Flyers batting - Pitching for Pure Michigan Great Lakers : RHP Doran Turchin
Batting: LHB Ignacio Martínez 0-0: Swinging Strike
0-1: Ball
1-1: Foul Ball, location: 2F
1-2: SINGLE (Groundball, 4D)
Batting: LHB Vinski Prifti 0-0: Called Strike
0-1: Ball
1-1: Ball
2-1: Ground out 4-3 (Groundball, 4S)
Ignacio Martínez to second
Batting: RHB Clarence Therrien 0-0: Ground out 4-3 (Groundball, 4)
Ignacio Martínez to third
Batting: RHB Bartolo Rosas 0-0: Ball
1-0: Ground out 6-3 (Groundball, 6M)
Bottom of the 4th over - 0 runs, 1 hit, 0 errors, 1 left on base; Pure Michigan 2 - Pennsauken 0
TOP OF THE 5TH
Pure Michigan Great Lakers batting - Pitching for Pennsauken Flyers : RHP Luis Torrez
Batting: SHB Jesús Román 0-0: Ball
1-0: Foul Ball, location: 2F
1-1: Ball
2-1: Ball
3-1: Ground out U3 (Groundball, 3S)
Batting: RHB Kenneth Noid 0-0: Called Strike
0-1: Swinging Strike
0-2: Foul Ball, location: 2F
0-2: Ball
1-2: Ground out 6-3 (Groundball, 6)
Batting: LHB Lance Antle 0-0: Ball
1-0: SINGLE (Groundball, 56) (infield hit)
Batting: LHB Bartolo Benítez 0-0: Ball
1-0: Called Strike
1-1: Ball
2-1: Ball
3-1: Called Strike
3-2: Fly out, F7 (Flyball, 7S)
Top of the 5th over - 0 runs, 1 hit, 0 errors, 1 left on base; Pure Michigan 2 - Pennsauken 0
BOTTOM OF THE 5TH
Pennsauken Flyers batting - Pitching for Pure Michigan Great Lakers : RHP Doran Turchin
Batting: RHB Raúl Javier Jr. 0-0: Ball
1-0: Ball
2-0: Called Strike
2-1: Ball
3-1: Base on Balls
Batting: LHB Manuel Márquez 0-0: Sac Bunt - play at first, batter safe!
Raúl Javier Jr. to second
Batting: RHB Marc Beck 0-0: Foul Ball, location: 2F
0-1: Called Strike
0-2: Ball
1-2: Ball
2-2: Ball
Passed Ball!
Raúl Javier Jr. to third
Manuel Márquez to second
3-2: Base on Balls
Batting: RHB Alan Bryan 0-0: Ball
1-0: Grounds into fielders choice 5-2 (Groundball, 56)
Manuel Márquez to third
Marc Beck to second
Batting: RHB Patrick Eggen 0-0: Foul Ball, location: 2F
0-1: Ball
Error on foul ball, E3
1-2: Strikes out looking
Batting: LHB Ignacio Martínez 0-0: Foul Ball, location: 2F
0-1: Swinging Strike
0-2: Ball
1-2: Foul Ball, location: 2F
1-2: Ball
2-2: Ball
3-2: Base on Balls
Manuel Márquez scores
Marc Beck to third
Alan Bryan to second
Batting: LHB Vinski Prifti 0-0: Ball
1-0: Fly out, F7 (Flyball, 7D)
Bottom of the 5th over - 1 run, 1 hit, 1 error, 3 left on base; Pure Michigan 2 - Pennsauken 1
TOP OF THE 6TH
Pure Michigan Great Lakers batting - Pitching for Pennsauken Flyers : RHP Luis Torrez
Batting: LHB Josh Platt 0-0: Called Strike
0-1: Ball
1-1: Fly out, F9 (Flyball, 9S)
Batting: RHB Zong-yuan Fung 0-0: Swinging Strike
0-1: Swinging Strike
0-2: Fly out, F8 (Flyball, 8RD)
Batting: RHB Martín Alejadre 0-0: Ball
1-0: Fly out, F7 (Line Drive, 7)
Top of the 6th over - 0 runs, 0 hits, 0 errors, 0 left on base; Pure Michigan 2 - Pennsauken 1
BOTTOM OF THE 6TH
Pennsauken Flyers batting - Pitching for Pure Michigan Great Lakers : RHP Doran Turchin
Batting: RHB Clarence Therrien 0-0: Fly out, F7 (Flyball, 7S)
Batting: RHB Bartolo Rosas 0-0: Ball
1-0: Ball
2-0: Ball
3-0: Base on Balls
Batting: RHB Raúl Javier Jr. 0-0: Called Strike
0-1: Ball
Bartolo Rosas steals 2nd base
1-1: Foul Ball, location: 2F
1-2: Ground out 4-3 (Groundball, 4S)
Bartolo Rosas to third
Batting: LHB Manuel Márquez 0-0: SINGLE (Groundball, 6MD)
Bartolo Rosas scores
Batting: RHB Marc Beck 0-0: Called Strike
0-1: Ball
1-1: Ball
2-1: Foul Ball, location: 2F
2-2: Foul Ball, location: 2F
2-2: Foul Ball, location: 2F
2-2: Ball
3-2: Foul Ball, location: 2F
3-2: SINGLE (Flyball, 9LS)
Manuel Márquez to second
Manuel Márquez to third
Batting: RHB Alan Bryan 0-0: Ball
Marc Beck steals 2nd base
1-0: Ball
2-0: Called Strike
2-1: Ball
3-1: Hit by Pitch
Pitching: RHP José Juárez
Batting: RHB Patrick Eggen 0-0: Fly out, F9 (Line Drive, 9D)
Bottom of the 6th over - 1 run, 2 hits, 0 errors, 3 left on base; Pure Michigan 2 - Pennsauken 2
TOP OF THE 7TH
Pure Michigan Great Lakers batting - Pitching for Pennsauken Flyers : RHP Luis Torrez
Batting: SHB David Martínez 0-0: SINGLE (Line Drive, 9LM)
Batting: RHB Ramiro Gonzáles 0-0: Grounds into double play, 5-4-3 (Groundball, 56)
Batting: SHB Jesús Román 0-0: Ball
1-0: Called Strike
1-1: Fly out, F9 (Line Drive, 9D)
Top of the 7th over - 0 runs, 1 hit, 0 errors, 0 left on base; Pure Michigan 2 - Pennsauken 2
BOTTOM OF THE 7TH
Pennsauken Flyers batting - Pitching for Pure Michigan Great Lakers : RHP José Juárez
Batting: LHB Ignacio Martínez 0-0: Foul Ball, location: 2F
0-1: Ball
1-1: Called Strike
1-2: Foul Ball, location: 2F
1-2: Foul Ball, location: 2F
1-2: Ball
2-2: Foul Ball, location: 2F
2-2: Fly out, F9 (Flyball, 9S)
Batting: LHB Vinski Prifti 0-0: Ground out 4-3 (Groundball, 4D)
Batting: RHB Clarence Therrien 0-0: Ball
1-0: Fly out, F7 (Flyball, 78D)
Bottom of the 7th over - 0 runs, 0 hits, 0 errors, 0 left on base; Pure Michigan 2 - Pennsauken 2
TOP OF THE 8TH
Pure Michigan Great Lakers batting - Pitching for Pennsauken Flyers : RHP Luis Torrez
Pinch Hitting: LHB Floyd Long 0-0: Ball
1-0: Called Strike
1-1: Called Strike
1-2: Ball
2-2: Fly out, F9 (Line Drive, 89D)
Batting: LHB Lance Antle 0-0: Ball
1-0: Foul Ball, location: 2F
1-1: Ground out 6-3 (Groundball, 6M)
Batting: LHB Bartolo Benítez 0-0: Called Strike
0-1: SINGLE (Flyball, 7S)
Batting: LHB Josh Platt 0-0: Called Strike
0-1: Ball
1-1: Fly out, F8 (Flyball, 8RM)
Top of the 8th over - 0 runs, 1 hit, 0 errors, 1 left on base; Pure Michigan 2 - Pennsauken 2
BOTTOM OF THE 8TH
Pennsauken Flyers batting - Pitching for Pure Michigan Great Lakers : RHP José Juárez
Now at SS: Jean Chamissa
Batting: RHB Bartolo Rosas 0-0: Called Strike
0-1: Ball
1-1: Ball
2-1: SINGLE (Groundball, 6MD)
Batting: RHB Raúl Javier Jr. 0-0: Ball
1-0: Ball
Wild Pitch!
Bartolo Rosas to second
2-0: Ball
3-0: Called Strike
3-1: Foul Ball, location: 2F
3-2: Fly out, F4 (Line Drive, 4)
Batting: LHB Manuel Márquez 0-0: Called Strike
Bartolo Rosas steals 3rd base
0-1: Swinging Strike
0-2: Foul Ball, location: 2F
0-2: Foul Ball, location: 2F
0-2: Foul Ball, location: 2F
0-2: Foul Ball, location: 2F
0-2: Ball
1-2: Ball
2-2: Ball
3-2: Strikes out swinging
Batting: RHB Marc Beck 0-0: Ball
1-0: Foul Ball, location: 2F
1-1: Foul Ball, location: 2F
1-2: Strikes out swinging
Bottom of the 8th over - 0 runs, 1 hit, 0 errors, 1 left on base; Pure Michigan 2 - Pennsauken 2
TOP OF THE 9TH
Pure Michigan Great Lakers batting - Pitching for Pennsauken Flyers : RHP Luis Torrez
Pitching: RHP Jong-yun Chong
Batting: RHB Zong-yuan Fung 0-0: Ball
1-0: Ball
2-0: Ball
3-0: Base on Balls
Batting: RHB Martín Alejadre 0-0: Called Strike
0-1: Foul Ball, location: 2F
0-2: Ball
1-2: Foul Ball, location: 2F
1-2: Fielders Choice at 2nd, 5-4 (Groundball, 56)
Batting: SHB David Martínez 0-0: Ball
1-0: Ball
2-0: Ball
3-0: Called Strike
3-1: Swinging Strike
3-2: SINGLE (Groundball, 4MD)
Martín Alejadre to second
Martín Alejadre to third
Batting: RHB Ramiro Gonzáles 0-0: Fly out, F9 (Line Drive, 9)
Runner from 3rd tags up, SCORES, throw made
Batting: SHB Jesús Román 0-0: Ball
1-0: Swinging Strike
1-1: Ball
2-1: SINGLE (Flyball, 7S)
David Martínez to second
Pinch Hitting: LHB Cisco Padilla 0-0: Ball
1-0: Called Strike
1-1: Called Strike
1-2: Ground out 4-3 (Groundball, 4)
Top of the 9th over - 1 run, 2 hits, 0 errors, 2 left on base; Pure Michigan 3 - Pennsauken 2
BOTTOM OF THE 9TH
Pennsauken Flyers batting - Pitching for Pure Michigan Great Lakers : RHP José Juárez
Pitching: RHP Martín Flores
Now at 1B: José López
Now at SS: Luis Aragón
Batting: RHB Alan Bryan 0-0: Ball
1-0: Ball
2-0: Called Strike
2-1: Called Strike
2-2: Ground out 6-3 (Groundball, 6M)
Batting: RHB Patrick Eggen 0-0: Ball
1-0: Ball
2-0: Foul Ball, location: 2F
2-1: Ball
3-1: Ground out 2-3 (Groundball, 2R)
Batting: LHB Ignacio Martínez 0-0: Ball
1-0: Ball
2-0: Foul Ball, location: 2F
2-1: Foul Ball, location: 2F
2-2: Foul Ball, location: 2F
2-2: Foul Ball, location: 2F
2-2: Ball
3-2: Ground out 5-3 (Groundball, 56)
Bottom of the 9th over - 0 runs, 0 hits, 0 errors, 0 left on base; Pure Michigan 3 - Pennsauken 2
Sunday, March 18th, 2018 - OOTP Baseball 18.8 Build 76